 Dungeon Crawl Stone Soup version 0.24.1-14-gf8d2b509d9 (webtiles) character file.

Game seed: 16495104155264596981, levelgen mode: deterministic

250593 Mrkan the Peltast (level 19, -8/128 HPs)
             Began as a Gargoyle Fighter on May 22, 2020.
             Was the Champion of Nemelex Xobeh.
             Killed by divine providence
             ... invoked by a balrug
              (12 damage)
             ... on level 4 of the Abyss on May 23, 2020.
             The game lasted 01:41:09 (44429 turns).

Mrkan the Peltast (Gargoyle Fighter)               Turns: 44429, Time: 01:41:12

Health: -8/128     AC: 57    Str: 26      XL:     19   Next: 63%
Magic:  0/22       EV:  6    Int:  1 (6)  God:    Nemelex Xobeh [******]
Gold:   3875       SH: 23    Dex: 10      Spells: 18/18 levels left

rFire    + . .     SeeInvis .   y - +3 morningstar (holy)
rCold    . . .     Gourm    .   m - +1 large shield
rNeg     + . .     Faith    .   Q - +3 crystal plate armour
rPois    ∞         Spirit   +   (helmet restricted)
rElec    +         Reflect  .   r - +2 cloak
rCorr    .         Harm     .   P - +2 pair of gloves
MR       +....     Rnd*Rage +   (no boots) Stlth ..........Rnd*Tele +
                                p - amulet of guardian spirit
HPRegen  0.31/turn              Y - ring of Robustness {AC+8}
MPRegen  0.18/turn              h - ring of protection from fire

@: hasted, wreathed by umbra, very quick
A: big wings, beak, [berserk 1], [deterioration 2], [dopey 2], [low mp 2],
negative energy resistance 1, [screaming 2], electricity resistance,
[teleportitis 3], unbreathing, petrification resistance, [no potion heal 3], rot
immunity, AC +14
}: 2/15 runes: decaying, gossamer
a: Fly, Draw Escape, Draw Destruction, Draw Summoning, Draw Stack, Triple Draw,
Deal Four, Stack Five, Renounce Religion


You were on level 4 of the Abyss.
You worshipped Nemelex Xobeh.
Nemelex Xobeh was exalted by your worship.
You were hungry.

You visited 6 branches of the dungeon, and saw 32 of its levels.
You visited the Abyss 1 time.
You also visited: Bailey and Volcano.

You collected 3875 gold pieces.

Inventory:

Hand Weapons
 y - a +3 morningstar of holy wrath (weapon)
Missiles
 U - 10 curare-tipped darts (quivered)
Armour
 a - +0 fire dragon scales
 m - a +1 large shield (worn)
 r - a +2 cloak (worn)
 u - a +2 helmet
 P - a +2 pair of gloves (worn)
 Q - a +3 crystal plate armour (worn)
 W - a +1 plate armour of cold resistance
Jewellery
 h - a ring of protection from fire (right hand)
 p - an amulet of guardian spirit (around neck)
 L - an uncursed ring of fire
 Y - the ring of Robustness (left hand) {AC+8}
   (You found it on level 15 of the Dungeon)

   [ring of protection]

   It affects your AC (+8).
Wands
 e - a wand of clouds (5)
 i - a wand of enslavement (8)
 A - a wand of flame (47)
 C - a wand of scattershot (3)
 D - a wand of paralysis (23)
 G - a wand of disintegration (26)
 H - a wand of digging (24)
 I - a wand of iceblast (20)
 N - a wand of polymorph (5)
 T - a wand of acid (5)
Scrolls
 j - 13 scrolls of remove curse
 k - 7 scrolls of blinking
 l - 14 scrolls of teleportation
 q - 4 scrolls of fog
 s - 7 scrolls of enchant weapon
 E - 4 scrolls of immolation
 F - a scroll of fear
 M - 3 scrolls of identify
 R - 3 scrolls of magic mapping
 V - a scroll of brand weapon
 Z - 4 scrolls of amnesia
Potions
 b - a potion of resistance
 c - 2 potions of ambrosia
 d - 2 potions of might
 g - 6 potions of mutation
 o - 17 potions of curing
 t - 2 potions of cancellation
 v - 4 potions of magic
 x - a potion of heal wounds
 z - 6 potions of brilliance
 B - 5 potions of lignification
 K - 2 potions of berserk rage
 O - 4 potions of agility
Comestibles
 f - 35 rations


   Skills:
 + Level 17.4 Fighting
 + Level 17.1 Maces & Flails
 + Level 16.2 Armour
 * Level 3.9 Dodging
 + Level 18.0 Shields
 - Level 12.0 Invocations


You had 18 spell levels left.
You didn't know any spells.
Your spell library contained the following spells:

 Spells                   Type           Power        Failure   Level  Hunger
 Animate Skeleton         Necr           N/A          100%        1    ##.....
 Confusing Touch          Hex            #.....       100%        1    ##.....
 Corona                   Hex            #......      100%        1    ##.....
 Flame Tongue             Conj/Fire      #....        100%        1    ##.....
 Infusion                 Chrm           #...         100%        1    ##.....
 Pain                     Necr           #...         100%        1    ##.....
 Shock                    Conj/Air       #...         100%        1    ##.....
 Call Imp                 Summ           #.......     100%        2    ###....
 Ensorcelled Hibernation  Hex/Ice        #.....       100%        2    ###....
 Shroud of Golubria       Chrm/Tloc      #.....       100%        2    ###....
 Song of Slaying          Chrm           #.......     100%        2    ###....
 Swiftness                Chrm/Air       #.......     100%        2    ###....
 Throw Flame              Conj/Fire      #.....       100%        2    ###....
 Call Canine Familiar     Summ           #.......     100%        3    ####...
 Confuse                  Hex            #.......     100%        3    ####...
 Conjure Flame            Conj/Fire      #.......     100%        3    ####...
 Dazzling Spray           Conj/Hex       #.....       100%        3    ####...
 Gell's Gravitas          Tloc           #.........   100%        3    ####...
 Inner Flame              Hex/Fire       #.......     100%        3    ####...
 Regeneration             Chrm/Necr      #.........   100%        3    ####...
 Spectral Weapon          Hex/Chrm       #.......     100%        3    ####...
 Static Discharge         Conj/Air       #.......     100%        3    ####...
 Tukima's Dance           Hex            #.......     100%        3    ####...
 Vampiric Draining        Necr           #.........   100%        3    ####...
 Airstrike                Air            #.........   100%        4    #####..
 Animate Dead             Necr           N/A          100%        4    #####..
 Petrify                  Tmut/Erth      #.......     100%        4    #####..
 Sticky Flame             Conj/Fire      #.......     100%        4    #####..
 Borgnjor's Vile Clutch   Necr/Erth      #.........   100%        5    ######.
 Fireball                 Conj/Fire      #.........   100%        5    ######.
 Lightning Bolt           Conj/Air       #.........   100%        5    ######.
 Metabolic Englaciation   Hex/Ice        #.........   100%        5    ######.
 Yara's Violent Unravell  Hex/Tmut       #.........   100%        5    ######.
 Ignition                 Fire           #.........   100%        8    #######
 Shatter                  Erth           #.........   100%        9    #######
 Tornado                  Air            #.........   100%        9    #######
 Sublimation of Blood     Necr           Unusable     N/A         2    N/A

Dungeon Overview and Level Annotations

Branches:
Dungeon (15/15)            Temple (0/1) D:4            Lair (6/6) D:9
  Swamp (4/4) Lair:4       Spider (4/4) Lair:2        Slime (0/5) Lair:6
    Orc (2/2) D:9             Elf (0/3) Orc:2        Vaults (1/5) D:14
 Depths (0/5) D:15         Bailey (visited)         Volcano (visited)

Altars:
Ashenzari
Cheibriados
Fedhas
Gozag
Kikubaaqudgha
Makhleb
Nemelex Xobeh
Okawaru
Uskayaw
Vehumet
Xom
Beogh

Shops:
D:5 *   D:7 *   D:11 [   Orc:1 **   Orc:2 ([%[

Annotations:
D:3 1 runed translucent door, Rampager's ghost, amateur DsTm
D:7 1 runed translucent door, Peloso's ghost, novice MiFi
D:14 2 transporters, Zikyat Riu's ghost, journeyman GrGl
Lair:4 3 runed translucent doors, ragnag's ghost, journeyman TrMo
Orc:1 3 runed translucent doors, exclusion: obsidian statue, Mryle's ghost, journeyman CeAM


Innate Abilities, Weirdness & Mutations

You are resistant to torment.
Your stone body is resilient. (AC +14)
You are immune to poison.
Your large and strong wings let you fly indefinitely.
You resist negative energy. (rN+)
You are resistant to electric shocks. (rElec)
You can survive without breathing.
You are immune to petrification.
You are immune to rotting.
You have a beak for a mouth.
[You tend to lose your temper in combat.]
[Your body often deteriorates upon taking damage.]
[You are very dopey. (Int -4)]
[Your magical capacity is very low. (-20% MP)]
[You sometimes yell uncontrollably at your foes.]
[You are often teleported next to monsters.]
[Potions cannot restore your health.]


Message History

You kill the ufetubus!
The ufetubus convulses!
You kill the ufetubus!
The Executioner convulses!
The neqoxec convulses!
The balrug convulses!
The ice devil convulses!
The smoke demon convulses!
The iron imp convulses!
You kill the iron imp!
The neqoxec convulses!
The small abomination convulses!
You destroy the small abomination!
The iron imp convulses!
You kill the iron imp!
It was a scroll of holy word.
The thrashing horror tramples you but does no damage.
You block the thrashing horror's attack. x3
The thrashing horror tramples you but does no damage. x2
The thrashing horror barely misses you.
The thrashing horror tramples you but does no damage.
The balrug gestures at you. Something smites you!
You die...
Your body glows with a rainbow of weird colours and disappears.

...................
...#...............§
.......#....3.... ..
..........4.3......
#..........32.......
.........A......5...
......#Xv1.#GX..#...
.....XXXXX..X...#...
.#.....@XX..........
..#.....X...#....#.§
#...........# ......
....#............. .
.......#...........
...............
....... .......
...... .#.....


You could see a profane servitor (dazed), 5 starcursed masses, a balrug (dazed),
a spatial maelstrom, a great orb of eyes, an Executioner (dazed), 6 thrashing
horrors, an ice devil (dazed), a smoke demon (dazed) and 2 neqoxecs.

Vanquished Creatures
  the Lernaean hydra (Swamp:4)
  Nikola (Swamp:4)
  Rupert (D:13)
  Donald (Swamp:3)
  3 thorn hunters
  Roxanne (Spider:3)
  6 ghost moths
  5 emperor scorpions
  A vault warden (Vaults:1)
  An orc warlord (Orc:2)
  An iron dragon (D:15)
  A very ugly thing (Swamp:4)
  Louise (Swamp:2)
  2 ironheart preservers (Vaults:1)
  3 entropy weavers (Spider:1)
  A stone giant (D:14)
  4 spark wasps (Spider:4)
  A dire elephant (D:15)
  A minotaur (Lair:6)
  Snorg (D:11)
  A crystal guardian (Abyss:4)
  A great orb of eyes (Vaults:1)
  2 yaktaur captains (Vaults:1)
  6 shambling mangroves
  5 vault guards
  7 centaur warriors
  26 hydras
  Erolcha (D:9)
  3 catoblepae (Lair:6)
  2 ghost crabs
  8 two-headed ogres
  12 alligators
  15 death yaks
  2 thrashing horrors (Abyss:4)
  An orc high priest (Orc:2)
  Sonja (Orc:1)
  2 wretched stars (Abyss:4)
  8 iron trolls (D:15)
  4 skeletal warriors (Vaults:1)
  A fire crab (Vaults:1)
  2 spriggan druids
  4 deep trolls (Vaults:1)
  A wizard (D:15)
  2 unseen horrors
  12 swamp dragons
  2 flayed ghosts (Vaults:1)
  3 ironbrand convokers (Vaults:1)
  A harpy (Vaults:1)
  Pikel (D:4)
  An obsidian statue (D:12)
  4 orc knights
  A necromancer (Vaults:1)
  13 orb spiders
  16 ugly things
  32 wolf spiders
  4 cyclopes
  An oklob plant (Lair:3)
  3 orc sorcerers
  2 moths of wrath
  3 manticores
  A moth of wrath (shapeshifter) (D:14)
  A worldbinder (Abyss:4)
  A centaur zombie (D:15)
  A salamander (D:15)
  15 elephants
  3 black mambas
  An ice statue (D:12)
  A guardian serpent (shapeshifter) (Abyss:4)
  A guardian serpent (D:10)
  13 spiny frogs
  3 molten gargoyles (Volcano)
  3 centaur skeletons
  A rime drake (Lair:1)
  A gargoyle (D:11)
  10 komodo dragons
  A kobold demonologist (D:15)
  11 demonic crawlers
  5 ice devils (D:13)
  2 efreet (Volcano)
  A freezing wraith (D:14)
  4 yaktaurs (Vaults:1)
  2 yaktaur zombies (Vaults:1)
  A tengu conjurer (D:15)
  A yaktaur skeleton (Vaults:1)
  3 meliai (D:13)
  A troll (shapeshifter) (Vaults:1)
  A merfolk (Vaults:1)
  A meliai (shapeshifter) (D:14)
  8 trolls
  24 jumping spiders
  5 polar bears
  5 tyrant leeches
  25 hornets
  8 hippogriffs
  13 bog bodies
  16 slime creatures
  8 blink frogs
  A centaur simulacrum (D:15)
  2 wraiths
  4 ynoxinuls (D:13)
  3 shadows
  76 redbacks
  7 spriggans
  6 wyverns
  32 yaks
  38 tarantellas
  A vampire (D:15)
  3 basilisks
  A hog (Lair:6)
  8 fire elementals
  2 hungry ghosts
  Grum (D:11)
  A neqoxec (Abyss:4)
  13 vampire mosquitoes
  A small abomination (Abyss:4)
  3 wargs
  12 swamp worms
  6 water moccasins
  5 porcupines
  Duvessa (D:6)
  An ogre skeleton (Vaults:1)
  A floating eye (Lair:6)
  31 orc warriors
  4 slaves (D:3)
  10 ice beasts
  An eye of draining (D:14)
  15 swamp drakes
  3 black bears
  3 phantoms
  4 sky beasts
  6 ogres
  2 necrophages (D:6)
  5 boggarts
  16 centaurs
  11 wolves
  10 crocodiles
  5 big kobolds
  19 bullfrogs
  3 earth elementals (Volcano)
  Dowan (D:6)
  A wyvern zombie (D:14)
  5 scorpions
  4 killer bees (D:8)
  17 wights
  2 howler monkeys (D:7)
  3 electric eels
  8 crimson imps
  5 bullfrog zombies
  25 orc priests
  2 quasits
  5 jellies
  8 hounds
  26 orc wizards
  2 bullfrog skeletons
  Jessica (D:2)
  A gnoll shaman (D:6)
  3 iguanas
  11 worker ants
  A hound zombie (D:5)
  A hound skeleton (D:5)
  A worker ant zombie (D:11)
  A howler monkey zombie (D:6)
  Robin (D:4)
  9 adders
  17 gnolls
  5 shadow imps
  An ooze (D:3)
  2 adder zombies
  2 worms (D:2)
  A dart slug (D:4)
  10 leopard geckos
  103 orcs
  3 giant cockroaches
  13 goblins
  19 hobgoblins
  3 jackals (D:7)
  4 quokkas
  2 ball pythons
  4 bats
  3 frilled lizards (D:2)
  A giant cockroach zombie (D:1)
  27 kobolds
  A leopard gecko skeleton (D:7)
  9 rats
  6 briar patches
  A bush (Lair:1)
  A fire vortex (Volcano)
  10 fungi
  4 plants
1228 creatures vanquished.

Vanquished Creatures (collateral kills)
  A great orb of eyes (shapeshifter) (Abyss:4)
  A crystal guardian (Abyss:4)
  An anaconda (shapeshifter) (Abyss:4)
  An orc sorcerer (Orc:2)
  Maurice (Orc:2)
  A guardian serpent (shapeshifter) (Abyss:4)
  A yaktaur (shapeshifter) (Abyss:4)
  A troll (Orc:2)
  A swamp worm (Swamp:2)
  An orc warrior (Orc:2)
  2 orc priests (Orc:2)
  An orc wizard (Orc:2)
  2 orcs (Orc:2)
15 creatures vanquished.

Vanquished Creatures (others)
  An orb spider (Spider:1)
  A wolf spider (Spider:4)
  A komodo dragon (Swamp:1)
  A hornet (Spider:4)
  A tarantella (Spider:4)
  4 redbacks (Spider:4)
  An orc warrior (Orc:2)
  A swamp drake (Swamp:4)
  A small abomination (Abyss:4)
  A jelly (D:6)
  An orc wizard (Orc:2)
  A briar patch (Swamp:3)
  A bush (Swamp:4)
  16 fungi
  16 plants
  2 withered plants (D:7)
50 creatures vanquished.

Grand Total: 1293 creatures vanquished

Notes
Turn   | Place    | Note
-------+----------+-------------------------------------------
     0 | D:1      | Mrkan the Gargoyle Fighter began the quest for the Orb.
     0 | D:1      | Reached XP level 1. HP: 14/14 MP: 1/1
   141 | D:1      | Reached XP level 2. HP: 19/19 MP: 2/2
  1033 | D:2      | Reached XP level 3. HP: 18/23 MP: 3/3
  1178 | D:2      | Noticed Jessica
  1192 | D:2      | Killed Jessica
  1192 | D:2      | Reached XP level 4. HP: 22/29 MP: 4/4
  1755 | D:2      | Reached skill level 4 in Shields
  1774 | D:2      | Reached XP level 5. HP: 31/33 MP: 5/5
  2138 | D:3      | Found a sparkling altar of Nemelex Xobeh.
  2191 | D:3      | Became a worshipper of Nemelex Xobeh the Trickster
  2210 | D:3      | Received a gift from Nemelex Xobeh
  2220 | D:3      | Found a runed translucent door.
  2225 | D:3      | Noticed Rampager's ghost (amateur DsTm)
  2607 | D:3      | Found a blossoming altar of Fedhas.
  2961 | D:4      | Noticed an ogre
  2970 | D:4      | Killed an ogre
  2970 | D:4      | Reached XP level 6. HP: 38/38 MP: 6/6
  3023 | D:4      | Found a staircase to the Ecumenical Temple.
  3069 | D:4      | Reached * piety under Nemelex Xobeh
  3075 | D:4      | Received a gift from Nemelex Xobeh
  3541 | D:4      | Noticed Robin
  3585 | D:4      | Killed Robin
  3600 | D:4      | Reached XP level 7. HP: 36/44 MP: 7/7
  3727 | D:4      | Found a snail-covered altar of Cheibriados.
  3785 | D:4      | Noticed Pikel
  3819 | D:4      | Paralysed by Pikel for 3 turns
  4169 | D:4      | Paralysed by Pikel for 5 turns
  4198 | D:4      | Killed Pikel
  4198 | D:4      | Reached skill level 5 in Fighting
  4198 | D:4      | Reached skill level 5 in Maces & Flails
  4198 | D:4      | Reached skill level 5 in Shields
  4198 | D:4      | Reached XP level 8. HP: 39/50 MP: 7/9
  4380 | D:4      | Received a gift from Nemelex Xobeh
  4447 | D:5      | Entered Level 5 of the Dungeon
  4470 | D:5      | Found a radiant altar of Vehumet.
  4538 | D:5      | Identified Hoshit's Collected Works on Unholy Summoning
  4725 | D:5      | Found Appadwe's General Store.
  5078 | D:5      | Received a gift from Nemelex Xobeh
  5150 | D:6      | Reached ** piety under Nemelex Xobeh
  5155 | D:6      | Noticed Duvessa
  5155 | D:6      | Noticed Dowan
  5185 | D:6      | Killed Duvessa
  5200 | D:6      | Reached skill level 6 in Shields
  5225 | D:6      | Killed Dowan
  5316 | D:6      | Found a burning altar of Makhleb.
  5319 | D:6      | Found an iron altar of Okawaru.
  5321 | D:6      | Found a hide-covered altar of Uskayaw.
  5334 | D:6      | Found an ancient bone altar of Kikubaaqudgha.
  5338 | D:6      | Found a shattered altar of Ashenzari.
  5385 | D:6      | Received a gift from Nemelex Xobeh
  5439 | D:6      | Reached XP level 9. HP: 50/56 MP: 11/11
  5926 | D:7      | Received a gift from Nemelex Xobeh
  6003 | D:7      | Reached skill level 7 in Shields
  6032 | D:7      | Reached skill level 5 in Invocations
  6196 | D:7      | Found Amnitah's General Store.
  6465 | D:7      | Found a runed translucent door.
  6469 | D:7      | Noticed Peloso's ghost (novice MiFi)
  6504 | D:7      | Received a gift from Nemelex Xobeh
  6744 | D:8      | Reached *** piety under Nemelex Xobeh
  6867 | D:8      | Reached XP level 10. HP: 63/63 MP: 14/14
  6884 | D:8      | Noticed a two-headed ogre
  6893 | D:8      | Killed a two-headed ogre
  7069 | D:8      | Received a gift from Nemelex Xobeh
  7260 | D:8      | Found a flagged portal.
  7346 | Bailey   | Entered a bailey
  7390 | Bailey   | Reached skill level 8 in Shields
  7551 | Bailey   | Noticed an orc knight
  7638 | Bailey   | Killed an orc knight
  8138 | D:8      | Received a gift from Nemelex Xobeh
  8223 | D:8      | Reached skill level 10 in Maces & Flails
  8555 | D:9      | Noticed Erolcha
  8581 | D:9      | Killed Erolcha
  8581 | D:9      | Reached XP level 11. HP: 42/69 MP: 9/16
  9464 | D:9      | Found a staircase to the Lair.
  9546 | D:9      | Reached skill level 9 in Shields
  9661 | D:9      | Reached **** piety under Nemelex Xobeh
  9676 | D:9      | Reached skill level 5 in Armour
  9758 | D:9      | Received a gift from Nemelex Xobeh
  9876 | D:9      | Found a staircase to the Orcish Mines.
 10047 | Lair:1   | Entered Level 1 of the Lair of Beasts
 10675 | Lair:1   | Found an opulent altar of Gozag.
 11117 | Lair:1   | Received a gift from Nemelex Xobeh
 11363 | Lair:1   | Reached ***** piety under Nemelex Xobeh
 11840 | Lair:2   | Received a gift from Nemelex Xobeh
 12011 | Lair:2   | Received a gift from Nemelex Xobeh
 12148 | Lair:2   | Found a hole to the Spider Nest.
 12642 | Lair:3   | Noticed an eight-headed hydra
 12650 | Lair:3   | Killed an eight-headed hydra
 12776 | Lair:3   | Reached XP level 12. HP: 77/77 MP: 17/17
 12893 | Lair:3   | Received a gift from Nemelex Xobeh
 12957 | Lair:3   | Noticed a death yak
 12957 | Lair:3   | Noticed a death yak
 12957 | Lair:3   | Noticed a death yak
 12958 | Lair:3   | Killed a death yak
 12958 | Lair:3   | Reached skill level 10 in Fighting
 12958 | Lair:3   | Reached skill level 10 in Shields
 12958 | Lair:3   | Killed a death yak
 12961 | Lair:3   | Noticed a death yak
 12963 | Lair:3   | Killed a death yak
 12964 | Lair:3   | Noticed a death yak
 12967 | Lair:3   | Killed a death yak
 12975 | Lair:3   | Killed a death yak
 12980 | Lair:3   | Killed a death yak
 13577 | Lair:4   | Received a gift from Nemelex Xobeh
 14477 | Lair:4   | You fall into a shaft and drop 2 floors!
 14477 | Lair:6   | Entered Level 6 of the Lair of Beasts
 14962 | Lair:6   | Reached XP level 13. HP: 72/84 MP: 16/18
 14974 | Lair:6   | Reached skill level 11 in Shields
 15074 | Lair:6   | Found a dark tunnel.
 15080 | Lair:6   | Received a gift from Nemelex Xobeh
 15083 | Volcano  | Entered a volcano
 15094 | Volcano  | Identified a scroll of acquirement
 16036 | Lair:6   | Found a staircase to the Slime Pits.
 16613 | Lair:5   | Received a gift from Nemelex Xobeh
 17105 | Lair:5   | Received a gift from Nemelex Xobeh
 17658 | Lair:4   | Found a staircase to the Swamp.
 17934 | Lair:4   | Found a runed translucent gate.
 17934 | Lair:4   | Found a runed translucent gate.
 17934 | Lair:4   | Found a runed translucent gate.
 17935 | Lair:4   | Noticed ragnag's ghost (journeyman TrMo)
 18073 | Lair:6   | Received a gift from Nemelex Xobeh
 18685 | Lair:6   | Reached skill level 12 in Shields
 18699 | Lair:6   | Noticed a minotaur
 18699 | Lair:6   | a death yak changed into a minotaur
 18709 | Lair:6   | Gained mutation: Your large and strong wings let you fly
                  | indefinitely. [Gargoyle growth]
 18709 | Lair:6   | Reached XP level 14. HP: 82/92 MP: 19/19
 18717 | Lair:6   | Paralysed by a floating eye for 2 turns
 18724 | Lair:6   | Paralysed by a floating eye for 3 turns
 18734 | Lair:6   | Paralysed by a floating eye for 2 turns
 18777 | Lair:6   | Reached skill level 10 in Armour
 19058 | Lair:6   | Reached skill level 15 in Maces & Flails
 19974 | Orc:1    | Entered Level 1 of the Orcish Mines
 20003 | Orc:1    | Noticed Sonja
 20200 | D:10     | Entered Level 10 of the Dungeon
 20225 | D:10     | Found an iron altar of Okawaru.
 20306 | D:10     | Received a gift from Nemelex Xobeh
 20720 | D:10     | Reached ****** piety under Nemelex Xobeh
 20720 | D:10     | Received a gift from Nemelex Xobeh
 21509 | Orc:1    | Killed Sonja
 21602 | Orc:1    | Found a runed translucent gate.
 21602 | Orc:1    | Found a runed translucent gate.
 21602 | Orc:1    | Found a runed translucent gate.
 21603 | Orc:1    | Found an opulent altar of Gozag.
 21603 | Orc:1    | Found Wuschaup's Assorted Antiques.
 21603 | Orc:1    | Found Vieblenk's Assorted Antiques.
 21604 | Orc:1    | Noticed Mryle's ghost (journeyman CeAM)
 21662 | Orc:1    | Received a gift from Nemelex Xobeh
 22173 | Orc:2    | Entered Level 2 of the Orcish Mines
 22358 | Orc:2    | Received a gift from Nemelex Xobeh
 22372 | Orc:2    | Found a staircase to the Elven Halls.
 22389 | Orc:2    | Noticed Maurice
 22395 | Orc:2    | Paralysed by an orc sorcerer for 6 turns
 22422 | Orc:2    | Killed Maurice
 22721 | Orc:2    | Found a roughly hewn altar of Beogh.
 22832 | Orc:2    | Noticed an orc warlord
 22853 | Orc:2    | Killed an orc warlord
 23109 | Orc:2    | Found Zazy's Antique Weapon Boutique.
 23116 | Orc:2    | Found a roughly hewn altar of Beogh.
 23117 | Orc:2    | Found Liuclic's Antique Armour Shop.
 23227 | Orc:2    | Found a roughly hewn altar of Beogh.
 23238 | Orc:2    | Found Enwuov's Food Emporium.
 23314 | Orc:2    | Found a roughly hewn altar of Beogh.
 23315 | Orc:2    | Found Doskup's Armour Emporium.
 23386 | Orc:2    | Received a gift from Nemelex Xobeh
 23772 | D:11     | Noticed Urug
 23788 | D:11     | Noticed Urug
 23788 | D:11     | Urug changed into Urug the guardian serpent
 23808 | D:10     | Killed Urug the guardian serpent
 24448 | D:11     | Reached XP level 15. HP: 85/98 MP: 16/20
 24454 | D:11     | Reached skill level 13 in Shields
 24673 | D:11     | Noticed Snorg
 24703 | D:11     | Killed Snorg
 24756 | D:11     | Noticed Grum
 24760 | D:11     | Killed Grum
 24803 | D:11     | Received a gift from Nemelex Xobeh
 24804 | D:11     | Found Hishoi's Armour Shop.
 25341 | D:12     | You fall into a shaft and drop 3 floors!
 25341 | D:15     | Entered Level 15 of the Dungeon
 25368 | D:15     | HP: 1/99 [iron troll (16)]
 25894 | D:15     | Paralysed by a wizard for 4 turns
 25936 | D:15     | Received a gift from Nemelex Xobeh
 26146 | D:15     | Found a staircase to the Depths.
 26963 | D:15     | Noticed an iron dragon
 26964 | D:15     | Found the ring of Robustness {AC+8}
 26978 | D:15     | Killed an iron dragon
 27016 | D:15     | Received a gift from Nemelex Xobeh
 27042 | D:15     | Reached skill level 14 in Shields
 27385 | D:14     | Received a gift from Nemelex Xobeh
 27746 | D:14     | Found a transporter.
 27746 | D:14     | Noticed Zikyat Riu's ghost (journeyman GrGl)
 27820 | D:14     | Found a shimmering altar of Xom.
 28076 | D:14     | Found a gate to the Vaults.
 28110 | D:14     | Reached XP level 16. HP: 92/106 MP: 21/21
 28297 | D:14     | Found a transporter.
 28529 | D:14     | Received a gift from Nemelex Xobeh
 28540 | D:14     | Reached skill level 15 in Shields
 29209 | D:13     | Noticed Rupert
 29233 | D:13     | Paralysed by Rupert for 5 turns
 29248 | D:13     | Killed Rupert
 29751 | D:12     | Received a gift from Nemelex Xobeh
 30098 | D:12     | Received a gift from Nemelex Xobeh
 30686 | Swamp:1  | Entered Level 1 of the Swamp
 31712 | Swamp:1  | Reached skill level 15 in Fighting
 31976 | Swamp:1  | Received a gift from Nemelex Xobeh
 32544 | Swamp:2  | Noticed a thorn hunter
 32570 | Swamp:2  | Killed a thorn hunter
 32978 | Swamp:2  | Reached skill level 10 in Invocations
 32980 | Swamp:2  | Noticed Louise
 33047 | Swamp:2  | Killed Louise
 33047 | Swamp:2  | Reached XP level 17. HP: 71/113 MP: 22/24
 33371 | Swamp:2  | Received a gift from Nemelex Xobeh
 34308 | Swamp:3  | Noticed Donald
 34325 | Swamp:3  | Killed Donald
 34559 | Swamp:4  | Entered Level 4 of the Swamp
 34777 | Swamp:4  | Noticed the 27-headed Lernaean hydra
 34782 | Swamp:4  | Killed the 27-headed Lernaean hydra
 34796 | Swamp:4  | Noticed Nikola
 34809 | Swamp:4  | Killed Nikola
 35105 | Swamp:4  | Got a decaying rune of Zot
 35305 | Swamp:4  | Received a gift from Nemelex Xobeh
 35596 | Swamp:4  | Received a gift from Nemelex Xobeh
 36521 | Spider:1 | Entered Level 1 of the Spider Nest
 36718 | Spider:1 | Reached skill level 15 in Armour
 36718 | Spider:1 | Reached skill level 16 in Shields
 36856 | Spider:1 | Reached XP level 18. HP: 115/120 MP: 27/27
 36959 | Spider:1 | Received a gift from Nemelex Xobeh
 39112 | Spider:2 | Received a gift from Nemelex Xobeh
 39791 | Spider:3 | Received a gift from Nemelex Xobeh
 39915 | Spider:3 | Reached skill level 17 in Shields
 39992 | Spider:3 | Identified Roxanne's Papyrus of Transmutation
 39992 | Spider:3 | Noticed Roxanne
 40035 | Spider:3 | Killed Roxanne
 40558 | Spider:4 | Entered Level 4 of the Spider Nest
 41409 | Spider:4 | Reached XP level 19. HP: 123/128 MP: 26/28
 41909 | Spider:4 | Got a gossamer rune of Zot
 42656 | Vaults:1 | Entered Level 1 of the Vaults
 42772 | Vaults:1 | Received a gift from Nemelex Xobeh
 42845 | Vaults:1 | Reached skill level 1 in Dodging
 43214 | Vaults:1 | Received a gift from Nemelex Xobeh
 44118 | Vaults:1 | Noticed a lich
 44125 | Vaults:1 | Cast into level 4 of the Abyss (a lich)
 44146 | Abyss:4  | Paralysed by a floating eye for 2 turns
 44151 | Abyss:4  | Paralysed by a floating eye for 4 turns
 44169 | Abyss:4  | Reached skill level 18 in Shields
 44177 | Abyss:4  | Gained mutation: You are clumsy. (Dex -2) [a neqoxec]
 44182 | Abyss:4  | Gained mutation: [You occasionally shout uncontrollably at
                  | your foes.] [a neqoxec]
 44217 | Abyss:4  | Found a corrupted altar of Lugonu.
 44234 | Abyss:4  | Received a gift from Nemelex Xobeh
 44266 | Abyss:4  | Noticed a profane servitor
 44280 | Abyss:4  | Lost mutation: You are clumsy. (Dex -2) [potion of
                  | mutation]
 44280 | Abyss:4  | Lost mutation: [You frequently scream uncontrollably at
                  | your foes.] [potion of mutation]
 44280 | Abyss:4  | Gained mutation: You have a beak for a mouth. [potion of
                  | mutation]
 44349 | Abyss:4  | Received a gift from Nemelex Xobeh
 44409 | Abyss:4  | Received a gift from Nemelex Xobeh
 44428 | Abyss:4  | HP: 4/128 [starcursed mass/accursed screaming (8)]
 44429 | Abyss:4  | Killed from afar by a balrug

Levels and vault maps discovered:
D:1:      saegor_arrival_fortress, layout_basic
D:2:      minmay_diamond_boxcup, layout_basic, uniq_jessica
D:3:      layout_basic, nemelex_xobeh_ov_fountains_minmay, fedhas_altar_3,
          first_ration, ebering_ghost_sewer_d
D:4:      layout_gridville, kennysheep_slug_shrine, minmay_temple_entry_hall,
          uniq_robin, uniq_pikel
D:5:      layout_rooms, vehumet_crystals, serial_shops, shop_statue,
          serial_co_window_serial, co_window_paths_a,
          co_window_of_opportunity_a, co_window_paths_b,
          co_window_of_opportunity_a, co_window_corner_a, co_window_broadway_c,
          co_window_broadway_b, co_window_of_opportunity_b, co_window_cross_3,
          co_window_corner_b, glass_columns_a, glass_columns_b,
          grunt_ministairs_10
D:6:      layout_rooms, minmay_overflow_temple_star_hex, kennysheep_minor_cross,
          uniq_duvessa
D:7:      layout_loops_ring, gammafunk_ghost_grave, serial_shops,
          nicolae_shop_stone, the_bakery
D:8:      layout_gridville, enter_bailey_8, small_chamber_with_monster
D:9:      layout_rooms, grunt_lair_entry_orc_guard_hut, orc_0_dummy,
          uniq_erolcha
D:10:     minmay_skewed_foursquare, layout_basic, okawaru_metal_pillars_1_2
D:11:     layout_rooms, serial_shops, shop, uniq_grum, uniq_urug, uniq_snorg
D:12:     minmay_separated_statues, layout_cave_pools,
          portal_ice_cave_entry_ice_beasts, minivault_4
D:13:     cheibrodos_quadrivalence, layout_rooms, uniq_rupert
D:14:     layout_gridville, lightli_vaults_fourway_checkpoint,
          gauntlet_entry_generic, basic_altar, hangedman_abyss_or_decor_slice,
          gammafunk_ghost_arena, kennysheep_just_a_vault
D:15:     hangedman_depths_entry_try_elsewhere_first, layout_long_grid,
          hangedman_decor_cross_pass, minmay_guarded_unrand_robustness
Lair:1:   layout_layer_cave, basic_altar, grunt_megastairs_4,
          infiniplex_staircase_pool
Lair:2:   layout_long_grid, spider_nest_entry_funnel_web, wad_woods_river_03,
          serial_bayou_crossing
Lair:3:   layout_gridlike, minmay_lair_oklob_chamber, lemuel_fruit_tree
Lair:4:   layout_roguey, minmay_swamp_entry_worms, gammafunk_ghost_hydra_chop,
          kilobyte_rumbling_trees
Lair:5:   layout_regular_city
Lair:6:   evilmike_catoblepas_cave, layout_loops_ring, slime_dummy,
          nicolae_volcano_entry_lava_flow, nicolae_lair_grove_arrangements
Swamp:1:  layout_basic_swamp, serial_swamp_ruin, evilmike_swamp_ruin_house_1,
          evilmike_swamp_ruin_rubble_1
Swamp:2:  layout_basic_swamp, evilmike_swamp_ruin_house_5,
          infiniplex_staircase_pool_2, uniq_louise
Swamp:3:  layout_basic_swamp, evilmike_swamp_ruin_wall, uniq_donald
Swamp:4:  grunt_swamp_rune_castle, layout_basic_swamp, swamp_pool4, uniq_nikola
Spider:1: cheibrodos_spider_silkery, hangedman_spider_tarantella_strand
Spider:2: layout_spider_delve
Spider:3: layout_spider_delve, uniq_roxanne
Spider:4: spider_rune_water, nicolae_crawler_farm
Orc:1:    layout_caves, ebering_ghost_gozag, nicolae_orc_damp_corner, uniq_sonja
Orc:2:    grunt_orc_community_town_hall, layout_caves,
          grunt_orc_community_big_house_2, grunt_orc_community_big_house_1,
          grunt_orc_community_house_2, grunt_orc_community_house_2,
          grunt_orc_community_house_3, grunt_orc_community_house_2,
          grunt_orc_community_house_1, uniq_maurice
Vaults:1: grunt_vaults_diagonal, vaults_dpeg_encased_lava,
          dpeg_vaults_monster_box, nicolae_vaults_three_branches,
          vaults_room_pools, nicolae_vaults_specimen_jars, v_misc_24,
          grunt_vaults_funneled_arena, hangedman_vaults_stretched_pinwheel,
          vaults_dpeg_cross, v_misc_27, layout_vaults_omnibox
Abyss:4:  base: Spider:2, minivault_26, hangedman_grunt_abyss_rune_horror_hoard,
          hangedman_decor_lopped, evilmike_abyss_exit_vortex,
          hangedman_abyss_overflow_altar,
          dshaligram_kb_abyss_rune_zappy_water_cross, hangedman_decor_riveting,
          doesnt_abyss_rune_brain_food, evilmike_abyss_rune_ettins,
          evilmike_abyss_rune_tso_outpost, evilmike_abyss_exit_6,
          hangedman_abyss_rune_macabre_mess

Skill      XL: |  1  2  3  4  5  6  7  8  9 10 11 12 13 14 15 16 17 18 19 |
---------------+----------------------------------------------------------+-----
Maces & Flails | 3 4 5 7 9 10 12 13 14 15 16 17 | 17.1
Armour         | 4 6 8 9 11 12 14 15 16 | 16.2
Shields        | 4 5 6 7 8 9 10 12 14 15 16 17 18 | 18.0
Fighting       | 4 5 6 7 8 9 11 12 13 14 15 16 17 | 17.4
Invocations    | 2 3 5 7 10 12 | 12.0
Dodging        | 3 |  3.9

Action                   |  1- 3 |  4- 6 |  7- 9 | 10-12 | 13-15 | 16-18 | 19-21 || total
-------------------------+-------+-------+-------+-------+-------+-------+-------++-------
Melee: Flail             |    95 |   236 |    92 |       |       |       |       ||   423
       Whip              |       |       |   344 |  1089 |    82 |       |       ||  1515
       Unarmed           |       |       |       |     4 |     6 |       |       ||    10
       Morningstar       |       |       |       |       |  1789 |  2515 |   543 ||  4847
       Peck              |       |       |       |       |       |       |     3 ||     3
Invok: Deal Four         |       |       |       |       |       |       |     1 ||     1
       Stack Five        |       |       |       |       |       |       |     1 ||     1
 Abil: Draw Destruction  |       |       |     2 |     6 |    39 |    32 |    16 ||    95
       Draw Summoning    |       |       |       |       |     3 |     1 |     5 ||     9
       Draw Escape       |       |       |       |       |     3 |       |     5 ||     8
       Fly               |       |       |       |       |       |     1 |       ||     1
       Stop Flying       |       |       |       |       |       |     1 |       ||     1
  Use: Scroll            |       |       |    19 |       |    10 |    13 |     2 ||    44
       Potion            |       |       |       |       |     8 |     5 |     6 ||    19
 Stab: Petrified         |       |       |       |       |     2 |       |       ||     2
  Eat: Chunk             |     1 |     7 |     9 |    12 |    23 |    23 |     4 ||    79
       Ration            |       |       |     1 |     4 |     6 |     8 |     2 ||    21
Armor: Scale mail        |    14 |       |       |       |       |       |       ||    14
       Chain mail        |    48 |   176 |   206 |   260 |       |       |       ||   690
       Plate armour      |       |       |       |   340 |  1319 |    27 |       ||  1686
       Skin              |       |       |       |       |     1 |       |       ||     1
       Crystal plate arm |       |       |       |       |       |  3144 |   748 ||  3892
Dodge: Dodged            |    21 |    49 |    88 |   224 |   413 |   562 |   139 ||  1496
Block: Shield            |    68 |   155 |   195 |   555 |  1183 |   591 |       ||  2747
       Large shield      |       |       |       |       |       |  2639 |   951 ||  3590
